Cogmind - Beta 12 @@@ ROGUE MODE // 2023.10.11 @ 16:09:52 Player: ChromeKnight Result: Destroyed by G-67 Veteran with Field Laser Performance ------------- Evolutions (7) 3500 Regions Visited (15) 3000 Robots Destroyed (177) 885 Value Destroyed (6934) 6934 Prototype IDs (21) 420 Alien Tech Used (0) 0 Bonus (2628) 2628 TOTAL SCORE: 17367 Bonus ------- High Alert Combat Kills 454 Follower Combat Kills 1821 Built Enhanced Grunts 300 Met R17 at Cetus 500 Friendly Fire -447 Cogmind --------- Core Integrity 0/1300 Matter 133/300 Energy 166/215 System Corruption 2% Temperature Cool (8) Movement Walking (105) Location -3/Testing Parts ------- > --- POWER (2) -------- Light Particle Reactor Compact Particle Reactor > --- PROPULSION (5) --- Advanced Medium Treads Biometal Leg Myomer Exoskeleton (fused) > --- UTILITY (10) ----- Experimental Coolant Injector Improved Targeting Computer Improved Armor Integrity Analyzer Stasis Canceller Centrium Medium Armor Plating Experimental Focal Shield AEGIS Remote Shield Mini Drone Bay (1/3) Mini Drone Bay (0/3) Mini Drone Bay (0/3) > --- WEAPON (4) ------- Omega Cannon Centrium Greatsword > --- INVENTORY (5) ---- Light Antimatter Reactor Antigrav Array Hypervelocity EM Gauss Rifle Portable AFG (100) Peak State ------------ > --- POWER ------------ Light Particle Reactor Compact Particle Reactor > --- PROPULSION ------- Advanced Medium Treads Biometal Leg Myomer Exoskeleton > --- UTILITY ---------- Experimental Coolant Injector Improved Targeting Computer Improved Armor Integrity Analyzer Stasis Canceller Centrium Medium Armor Plating Experimental Focal Shield AEGIS Remote Shield Mini Drone Bay Mini Drone Bay Mini Drone Bay > --- WEAPON ----------- Omega Cannon Centrium Greatsword > --- INVENTORY -------- Light Antimatter Reactor Antigrav Array Hypervelocity EM Gauss Rifle Portable AFG [Rating: 186] Favorites ----------- Power Micro Fission Core Engine Reinforced Deuterium Engine Power Core Micro Fission Core Reactor Compact Particle Reactor Propulsion Aluminum Leg Treads Biometal Heavy Treads Leg Aluminum Leg Hover Unit Backup Propulsion VII Flight Unit Field Propulsion Drive Utility Medium Storage Unit Device Advanced Heat Sink Storage Medium Storage Unit Processor Improved Targeting Computer Hackware Improved Hacking Suite Protection Centrium Medium Armor Plating Weapon Gatling Laser Energy Gun Gatling Laser Energy Cannon Neutron Cannon Ballistic Gun Advanced KE Penetrator Ballistic Cannon Advanced Assault Cannon Launcher Fusion Bomb Launcher Slashing Weapon Scythe Piercing Weapon Force Lance Build | -11 -10 -10 -9 -8 -7 -6 -6 -6 -6 -5 -4 -4 -4 -3 -3 ------- Run | Jun Mat Min Mat Mat Fac Fac Ext Cet Arc Fac Fac Upp Upp Res Tes Slots Evolved 14 | . . . 2 2 2 2 . . . 2 2 . . 2 . Power 1 | . . . . . . . . . . . 1 . . . . Propulsion 3 | . . . . 1 . . . . . 1 1 . . . . Utility 8 | . . . 2 1 2 1 . . . 1 . . . 1 . Weapon 2 | . . . . . . 1 . . . . . . . 1 . Parts Attached 270 | 6 17 2 22 28 21 20 14 22 4 28 27 9 7 19 24 Power 32 | 1 2 2 2 5 1 1 2 2 1 3 4 . 2 2 2 Engine 14 | 1 2 1 2 4 1 . 1 1 . 1 . . . . . Core 9 | . . 1 . 1 . 1 1 . . . 3 . 2 . . Reactor 9 | . . . . . . . . 1 1 2 1 . . 2 2 Propulsion 64 | 2 7 . 7 7 8 5 2 4 2 8 8 . . . 4 Treads 4 | . . . . . . . . 1 . . 2 . . . 1 Leg 55 | 2 7 . 7 7 8 5 2 3 2 5 5 . . . 2 Wheel . | . . . . . . . . . . . . . . . . Hover 1 | . . . . . . . . . . . . . . . 1 Flight 4 | . . . . . . . . . . 3 1 . . . . Utility 106 | 1 3 . 8 10 7 9 7 6 1 12 12 6 3 10 11 Device 39 | . . . 1 1 2 1 2 4 1 3 3 5 3 4 9 Storage 7 | 1 1 . . 1 . 3 . . . . . . . 1 . Processor 23 | . 2 . 2 3 4 3 . . . 1 3 1 . 3 1 Hackware 6 | . . . . . . . 1 . . . 3 . . 2 . Protection 31 | . . . 5 5 1 2 4 2 . 8 3 . . . 1 Artifact . | . . . . . . . . . . . . . . . . Weapon 68 | 2 5 . 5 6 5 5 3 10 . 5 3 3 2 7 7 Energy Gun 20 | . . . 1 1 1 . 3 5 . . . 3 2 1 3 Energy Cannon 1 | . . . . . . . . 1 . . . . . . . Ballistic Gun 34 | 2 5 . 4 4 3 4 . 4 . 5 3 . . . . Ballistic Cannon 2 | . . . . . . 1 . . . . . . . . 1 Launcher 1 | . . . . . . . . . . . . . . 1 . Special Weapon . | . . . . . . . . . . . . . . . . Impact Weapon . | . . . . . . . . . . . . . . . . Slashing Weapon 3 | . . . . 1 1 . . . . . . . . . 1 Piercing Weapon 7 | . . . . . . . . . . . . . . 5 2 Special Melee Weapon . | . . . . . . . . . . . . . . . . Unidentified Prototypes 22 | . . . 1 1 . . . 6 1 1 . . . 2 10 Corrupted Parts 1 | . . . . . 1 . . . . . . . . . . System Corruption 4 | . . . . . 4 . . . . . . . . . . Parts Lost 86 | . 5 . 9 9 3 12 1 . . 19 2 8 6 11 1 Power 9 | . 1 . 2 2 . 1 1 . . . . . . 2 . Propulsion 19 | . 2 . 3 4 . 3 . . . 4 1 . . 2 . Utility 39 | . . . 1 2 3 4 . . . 12 1 4 5 6 1 Weapon 19 | . 2 . 3 1 . 4 . . . 3 . 4 1 1 . Highest Loss Streak 15 | . 4 . 6 8 2 4 1 . . 15 1 4 6 11 1 To Critical Strikes . | . . . . . . . . . . . . . . . . Average Slot Usage (%) 82 | . 93 100 96 90 92 94 99 95 100 85 49 75 36 35 54 Engine 3 | . 13 2 5 3 7 4 1 1 2 . . . . . . Core 3 | . . 11 4 5 . 1 4 . . . 2 9 . 4 . Treads 1 | . . . . . . . . 3 . . 2 9 . . . Leg 15 | . 26 28 20 25 20 15 20 10 20 19 4 . . . 6 Device 8 | . . . . 1 7 2 19 20 20 15 5 15 14 . 19 Storage 6 | . 14 14 11 9 7 11 6 6 6 4 . . . . . Processor 15 | . 10 14 22 19 28 28 14 13 13 9 4 9 10 12 6 Hackware 2 | . . . . . . . . . . . 8 14 9 7 . Protection 6 | . . . 10 7 3 8 11 13 13 13 6 1 . . 2 Energy Gun 4 | . . . 1 3 . 3 19 17 . . . 10 . 1 4 Ballistic Gun 9 | . 27 28 20 10 6 7 . 2 20 14 11 . . . . Slashing Weapon 1 | . . . . 4 6 6 . . . . . . . . 1 Naked Turns 131 | . . . . . . . . . . 48 83 . . . . Heaviest Build 87 | 13 17 17 24 39 36 47 44 59 62 69 53 46 17 24 87 Greatest Support 150 | 20 20 20 20 30 45 46 61 80 76 96 150 150 3 24 144 Greatest Overweight (x) 5 | . 1 . 4 1 1 1 . 1 . 4 2 1 5 1 1 Average Overweight (x) . | . . . . . . . . . . . . . . . . Largest Inventory Capacity 15 | 8 10 10 10 10 10 15 10 10 10 10 5 5 5 10 5 Average Capacity 8 | 6 9 10 10 10 10 10 10 10 10 9 5 5 5 6 5 Most Carried 11 | . 10 10 10 10 10 11 10 10 10 10 5 5 4 9 5 Average Carried 7 | . 7 9 9 8 8 9 9 9 9 9 3 3 2 4 3 Final Capacity 10 | 8 10 10 10 10 10 10 10 10 10 5 5 5 5 5 5 Final Carried 10 | . 10 10 10 8 10 10 10 10 10 3 5 3 . 5 5 Class Distribution -------------------- 50% | Scavenger-Mutant 17% | Scavenger-Gunner 15% | Mutant 10% | Scavenger-Tank 3% | Hacker-Mutant Dominant Class ---------------- Scavenger-Mutant | -10/Materials Scavenger-Mutant | -10/Mines Scavenger-Mutant | -9/Materials Scavenger-Mutant | -8/Materials Scavenger-Mutant | -7/Factory Scavenger-Mutant | -6/Factory Scavenger-Gunner | -6/Extension Scavenger-Gunner | -6/Cetus Scavenger-Tank | -6/Archives Scavenger-Tank | -5/Factory Scavenger-Tank | -4/Factory Scavenger-Mutant | -4/Upper Caves Scavenger-Mutant | -4/Upper Caves Hacker-Mutant | -3/Research Mutant | -3/Testing Resources | -11 -10 -10 -9 -8 -7 -6 -6 -6 -6 -5 -4 -4 -4 -3 -3 ----------- Run | Jun Mat Min Mat Mat Fac Fac Ext Cet Arc Fac Fac Upp Upp Res Tes Matter Collected 4976 | 174 349 90 424 670 417 335 170 220 76 592 972 192 36 57 202 Remotely . | . . . . . . . . . . . . . . . . Salvage Created 8476 | . 445 61 868 946 912 460 1156 108 89 1204 1155 564 . 315 193 Parts 429 | . 38 1 48 64 45 29 31 2 4 55 54 27 . 23 8 Haulers Intercepted 4 | . 2 . . 1 . . 1 . . . . . . . . Recyclers Shooed 8 | . 4 . . . . 1 . . . 2 1 . . . . Parts Field Recycled . | . . . . . . . . . . . . . . . . Retrieved Matter . | . . . . . . . . . . . . . . . . Parts Self-Destructed 15 | . . . . . . . . . . . . 15 . . . Prevented 11 | . . . . . . . . . . . . 11 . . . Kills | -11 -10 -10 -9 -8 -7 -6 -6 -6 -6 -5 -4 -4 -4 -3 -3 ------- Run | Jun Mat Min Mat Mat Fac Fac Ext Cet Arc Fac Fac Upp Upp Res Tes Combat Hostiles Destroyed 128 | . 12 2 19 14 15 8 13 2 1 16 12 10 . 2 2 Melee 15 | . . . . 2 7 1 . . . 1 . . . 2 2 Guns 104 | . 12 2 19 12 7 6 9 1 1 14 12 9 . . . AOE 3 | . . . . . 1 . . . . 1 . 1 . . . Classes Destroyed 20 | . 6 1 2 5 3 . 2 . . 1 . . . . . Worker 9 | . . . . 3 . . 1 . . . 3 . . 2 . Builder 3 | . 1 . . . . . 1 . . 1 . . . . . Tunneler 2 | . . . . 1 . . 1 . . . . . . . . Hauler 4 | . 2 . . 1 . . 1 . . . . . . . . Recycler 8 | . . . 1 . . 1 1 . . 2 2 . . 1 . Mechanic 1 | . . . . . 1 . . . . . . . . . . Operator 3 | . 1 . . . . . . . . . 2 . . . . Watcher 19 | . 1 . 2 5 1 1 3 . . 4 . . . 1 1 Swarmer 29 | . 8 . 4 3 . 2 1 . . 7 . 4 . . . Saboteur 1 | . . . . . . . . . . 1 . . . . . Grunt 46 | . 4 1 12 2 9 1 4 1 . 3 4 5 . . . Brawler 5 | . . . . . 1 . . . . 3 . 1 . . . Duelist 1 | . . . . . . . 1 . . . . . . . . Sentry 19 | . . . 3 5 1 4 5 . 1 . . . . . . Specialist 2 | . . . . 2 . . . . . . . . . . . Hunter 6 | . . . . 1 2 . . . . 1 . . . . 2 Programmer 13 | . . . . . 2 1 . . . . 8 . . 2 . Heavy 1 | . . . . 1 . . . . . . . . . . . Behemoth 3 | . . . . . . . 2 . . 1 . . . . . Cetus Guard 1 | . . . . . . . . 1 . . . . . . . Assembled 1 | . . 1 . . . . . . . . . . . . . Butcher 1 | . . . . . . . 1 . . . . . . . . Best Kill Streak 11 | . 11 1 4 5 4 3 4 1 1 7 4 4 . 3 2 Combat Bots Only 10 | . 10 1 4 3 4 3 3 1 1 7 4 4 . 2 2 Max Kills in Single Turn 2 | . 2 1 2 1 1 1 2 1 1 2 1 1 . 2 1 Gunslinging 1 | . 1 . 1 . . . . . . 1 . . . . . Exploded 1 | . . . . . 1 . . . . 1 . 1 . . . Melee 1 | . . . . 1 1 1 . . . 1 . . . 1 1 Uniques/NPCs Destroyed . | . . . . . . . . . . . . . . . . Combat | -11 -10 -10 -9 -8 -7 -6 -6 -6 -6 -5 -4 -4 -4 -3 -3 -------- Run | Jun Mat Min Mat Mat Fac Fac Ext Cet Arc Fac Fac Upp Upp Res Tes Damage Taken 18098 | . 580 . 1271 1910 1167 1561 784 104 49 4155 1487 1697 830 2017 486 Core 3963 | . 110 . 87 154 247 172 123 30 . 851 155 193 536 1256 49 Absorbed by Shields 764 | . . . . . 117 167 19 22 . 196 . . . . 243 Reduced by Siege Mode 248 | . . . . . . . . . . . 26 222 . . . Redirected to Shielding 79 | . . . . . . . 79 . . . . . . . . Regen/Repaired (Parts) 377 | . 73 . . . 304 . . . . . . . . . . Core Remaining (%) 58 | 100 . 56 78 72 64 . . . 61 14 . . 23 . . Volleys Fired 544 | 2 48 6 86 110 58 41 40 5 3 57 51 32 2 2 1 Largest 3 | 2 2 2 2 2 1 2 3 3 3 3 3 3 1 1 1 Hottest 240 | 40 40 40 43 88 55 56 240 240 105 101 105 183 88 52 40 Shots Fired 1021 | 4 93 12 159 126 58 62 120 15 9 144 138 76 2 2 1 Gun 1019 | 4 93 12 159 126 58 62 120 15 9 144 138 76 2 . 1 Cannon . | . . . . . . . . . . . . . . . . Launcher 2 | . . . . . . . . . . . . . . 2 . Special . | . . . . . . . . . . . . . . . . Kinetic 783 | 4 93 12 159 110 49 45 . . 9 144 138 20 . . . Thermal 189 | . . . . 16 . . 120 15 . . . 36 2 . . Explosive 2 | . . . . . . . . . . . . . . 2 . Electromagnetic 47 | . . . . . 9 17 . . . . . 20 . . 1 Robot Hit Streak 26 | 1 9 8 22 16 16 18 16 13 3 8 24 26 1 1 . Robot Miss Streak 8 | 1 5 1 3 2 2 6 8 3 1 4 4 3 1 1 . Penetration Max 1 | . . . . 1 1 . . . . 1 1 1 . . . Secondary Targets 19 | . 2 . 2 . . . . . . 6 4 5 . . . Max Gunslinging Chain 1 | . 1 . 1 . . . . . . 1 1 1 . . . Shots Hit Robots 791 | 2 54 9 127 110 61 56 99 15 5 78 91 54 1 20 9 Core Hits 430 | . 28 6 47 40 30 67 83 13 3 38 36 20 1 15 3 Critical Kills 12 | . . . . . . . . . 1 4 7 . . . . Critical Parts Destroyed 26 | . . . . . 2 . . . 2 5 16 1 . . . Critical Strikes 54 | . . . . 3 5 1 . . 3 12 23 5 . 2 . Burn 4 | . . . . 1 . . . . . . . 3 . . . Destroy 43 | . . . . . 4 . . . 3 12 23 1 . . . Corrupt 1 | . . . . . . . . . . . . 1 . . . Sever 4 | . . . . 2 1 1 . . . . . . . . . Impale 2 | . . . . . . . . . . . . . . 2 . Melee Attacks 89 | . . . . 9 23 9 . . . . . . . 24 24 Impact . | . . . . . . . . . . . . . . . . Slashing 51 | . . . . 9 23 9 . . . . . . . . 10 Piercing 38 | . . . . . . . . . . . . . . 24 14 Sneak Attacks 8 | . . . . 2 4 1 . . . . . . . 1 . Combat Hostiles 2 | . . . . . 2 . . . . . . . . . . Follow-up Attacks 1 | . . . . . . . . . . . . . . . 1 Damage Inflicted 18268 | 25 507 73 1300 2178 1737 1129 2471 343 129 2368 2800 1371 61 1138 638 Guns 14856 | 15 507 73 1296 1834 899 904 2466 343 129 2167 2800 1371 52 . . Cannons . | . . . . . . . . . . . . . . . . Explosions 791 | . . . . . 107 . . . . 196 . . . 488 . Melee 2582 | . . . . 343 731 225 . . . . . . . 645 638 Ramming 39 | 10 . . 4 1 . . 5 . . 5 . . 9 5 . Kinetic 10607 | 15 507 73 1296 1630 791 802 . . 129 2167 2800 397 . . . Thermal 3716 | . . . . 204 107 . 2466 343 . . . 544 52 . . Explosive 684 | . . . . . . . . . . 196 . . . 488 . Electromagnetic 640 | . . . . . 108 102 . . . . . 430 . . . Impact . | . . . . . . . . . . . . . . . . Slashing 1907 | . . . . 343 731 225 . . . . . . . . 608 Piercing 675 | . . . . . . . . . . . . . . 645 30 Highest Corruption 14 | . 3 3 . . 8 . . . . 14 6 14 14 2 2 Average Corruption 4 | . 1 3 . . 1 . . . . 9 2 10 14 1 2 Corruption Purged . | . . . . . . . . . . . . . . . . Corruption Blocked . | . . . . . . . . . . . . . . . . Effects 103 | . 9 10 . . 7 . . . . 14 10 37 6 . 10 Message Errors 25 | . 2 2 . . . . . . . 5 1 10 2 . 3 Matter Fused 22 | . 4 1 . . 3 . . . . . 3 8 . . 3 Heat Flow Errors 11 | . 1 2 . . . . . . . 1 2 5 . . . Energy Discharges 9 | . . 1 . . 3 . . . . . . 3 2 . . Parts Fused 2 | . . . . . . . . . . . . 1 . . 1 Data Loss (minor) 15 | . 1 3 . . 1 . . . . . 2 6 1 . 1 Data Loss (major) 5 | . 1 1 . . . . . . . 1 . 1 . . 1 Misfires 1 | . . . . . . . . . . . 1 . . . . Alerts 3 | . . . . . . . . . . 1 . 1 . . 1 Misdirections 6 | . . . . . . . . . . 5 . . 1 . . Weapon Failures 4 | . . . . . . . . . . 1 1 2 . . . Overload Shots . | . . . . . . . . . . . . . . . . Overflow Damage 207 | . . . . . 51 34 . . . . . . . 70 52 Projectiles . | . . . . . . . . . . . . . . . . Explosions 64 | . . . . . . . . . . . . . . 64 . Melee 143 | . . . . . 51 34 . . . . . . . 6 52 Knockbacks . | . . . . . . . . . . . . . . . . Impact . | . . . . . . . . . . . . . . . . Kinetic . | . . . . . . . . . . . . . . . . Secondary . | . . . . . . . . . . . . . . . . Self-Inflicted Damage 161 | . . . . . . . . . . 2 . . 4 155 . Shots 2 | . . . . . . . . . . . . . . 2 . Rammed 9 | . . . . . . . . . . 2 . . 5 2 . Targets Rammed 14 | 1 . . 2 1 . . 1 . . 2 . . 5 2 . Kicked 5 | 1 . . 2 1 . . 1 . . . . . . . . Crushed . | . . . . . . . . . . . . . . . . Highest Temperature 471 | . 103 275 36 327 129 36 471 123 . 240 284 205 . 7 . Average Temperature 59 | . 25 98 10 71 32 13 105 52 . 59 81 37 . 6 . Received Heat Transfer 3561 | . 114 . 561 441 471 362 151 . 27 592 283 310 24 225 . Effects 7 | . . . . . . . 4 . . . 3 . . . . Shutdowns 1 | . . . . . . . 1 . . . . . . . . Energy Bleed 1 | . . . . . . . . . . . 1 . . . . Interference 2 | . . . . . . . . . . . 2 . . . . Short Circuit 1 | . . . . . . . 1 . . . . . . . . Damage (minor) 2 | . . . . . . . 2 . . . . . . . . Siege Activations 8 | . . . . . . . . . . . 4 4 . . . Total Turns 166 | . . . . . . . . . . . 40 126 . . . Longest Duration 55 | . . . . . . . . . . . 16 55 . . . Robots Corrupted 1 | . . . . . . 1 . . . . . . . . . Combat Hostiles 1 | . . . . . . 1 . . . . . . . . . Parts Fried 1 | . . . . . . . . . . . . 1 . . . Impact Corruptions . | . . . . . . . . . . . . . . . . Robots Melted 5 | . . . . . . . 4 1 . . . . . . . Combat Hostiles 5 | . . . . . . . 4 1 . . . . . . . Parts Melted 14 | . . . . 2 . . 11 . . . . 1 . . . Heat Transferred 7851 | . . . . 518 100 . 5398 749 . . . 1012 74 . . Parts Sabotaged 4 | . . . . . . . . . . 4 . . . . . Parts Stolen . | . . . . . . . . . . . . . . . . Parts Stripped . | . . . . . . . . . . . . . . . . Power Chain Reactions 2 | . . . . . 2 . . . . . . . . . . Missiles Intercepted . | . . . . . . . . . . . . . . . . Alert | -11 -10 -10 -9 -8 -7 -6 -6 -6 -6 -5 -4 -4 -4 -3 -3 ------- Run | Jun Mat Min Mat Mat Fac Fac Ext Cet Arc Fac Fac Upp Upp Res Tes Peak Influence 898 | . 217 53 279 304 248 162 603 875 472 898 606 . . 193 177 Initial 337 | . . . . 117 86 95 21 337 270 165 333 . . 131 108 Average 218 | . 65 27 175 171 162 63 220 572 439 588 429 . . 102 97 Maximum Alert Level 3 | . 1 . 1 1 1 . 2 3 2 3 2 . . . . Low Security (%) 60 | 100 80 100 56 63 64 100 53 . . 18 . . . 100 100 Level 1 21 | . 19 . 43 36 35 . 34 6 21 2 46 . . . . Level 2 13 | . . . . . . . 12 70 78 37 53 . . . . Level 3 4 | . . . . . . . . 23 . 42 . . . . . Level 4 . | . . . . . . . . . . . . . . . . Level 5 . | . . . . . . . . . . . . . . . . High Security . | . . . . . . . . . . . . . . . . Max Security . | . . . . . . . . . . . . . . . . Squads Dispatched 33 | . 3 . 1 2 5 5 2 . . 4 6 . . 5 . Investigation 7 | . 2 . 1 . 2 . . . . . . . . 2 . Extermination 7 | . . . . . 2 1 . . . 1 2 . . 1 . Reinforcement 14 | . 1 . . 2 1 1 2 . . 2 3 . . 2 . Assault 2 | . . . . . . . . . . 1 1 . . . . Garrison 3 | . . . . . . 3 . . . . . . . . . Intercept . | . . . . . . . . . . . . . . . . Searches Triggered . | . . . . . . . . . . . . . . . . Construction Impeded 2 | . . . . . . . . . . . 1 . . 1 . Haulers Reinforced . | . . . . . . . . . . . . . . . . Active Scanning Responses . | . . . . . . . . . . . . . . . . Cargo Convoy Interrupts 1 | . . . . . . . . . . 1 . . . . . Stealth | -11 -10 -10 -9 -8 -7 -6 -6 -6 -6 -5 -4 -4 -4 -3 -3 --------- Run | Jun Mat Min Mat Mat Fac Fac Ext Cet Arc Fac Fac Upp Upp Res Tes Distress Signals 13 | . 2 . 4 2 . . 2 2 . . . . . . 1 Communications Jammed . | . . . . . . . . . . . . . . . . Distress Signals . | . . . . . . . . . . . . . . . . Times Spotted 274 | . 20 3 25 28 15 11 37 15 3 51 16 22 10 13 5 Peak Tracking Total 19 | . 6 2 7 4 4 2 5 5 1 19 4 11 9 8 2 Tactical Retreats 20 | . . . 2 4 . 1 2 . . 1 1 2 3 4 . Traps | -11 -10 -10 -9 -8 -7 -6 -6 -6 -6 -5 -4 -4 -4 -3 -3 ------- Run | Jun Mat Min Mat Mat Fac Fac Ext Cet Arc Fac Fac Upp Upp Res Tes Traps Triggered 18 | . 4 . 2 . 3 . 4 . . 3 2 . . . . Indirectly . | . . . . . . . . . . . . . . . . Trap Hack Attempts . | . . . . . . . . . . . . . . . . Triggered . | . . . . . . . . . . . . . . . . Disarmed . | . . . . . . . . . . . . . . . . Reprogrammed . | . . . . . . . . . . . . . . . . Reused 1 | . . 1 . . . . . . . . . . . . . Traps Extracted . | . . . . . . . . . . . . . . . . Installed 3 | . . 3 . . . . . . . . . . . . . Triggered 2 | . . 1 . . . . . . . . . 1 . . . Machines | -11 -10 -10 -9 -8 -7 -6 -6 -6 -6 -5 -4 -4 -4 -3 -3 ---------- Run | Jun Mat Min Mat Mat Fac Fac Ext Cet Arc Fac Fac Upp Upp Res Tes Machines Disabled 36 | . . . . . . . 2 1 2 14 10 . . . 7 Max in Single Turn 6 | . . . . . . . 2 . 1 6 2 . . . 1 Garrison Access 2 | . . . . . 1 1 . . . . . . . . . Energy Cycler 1 | . . . . . . . 1 . . . . . . . . Machines Repaired . | . . . . . . . . . . . . . . . . Machines Sabotaged . | . . . . . . . . . . . . . . . . Overloaded Fab Kills . | . . . . . . . . . . . . . . . . Hacking | -11 -10 -10 -9 -8 -7 -6 -6 -6 -6 -5 -4 -4 -4 -3 -3 --------- Run | Jun Mat Min Mat Mat Fac Fac Ext Cet Arc Fac Fac Upp Upp Res Tes Machines Accessed 34 | . 6 . 1 1 3 3 7 . . 1 4 . . 6 2 Terminals 18 | . 5 . . . . 2 7 . . . 2 . . 2 . Fabricators 4 | . . . . . . . . . . 1 1 . . 2 . Repair Stations 6 | . 1 . 1 . 2 . . . . . . . . 1 1 Recycling Units 1 | . . . . . . . . . . . 1 . . . . Scanalyzers 1 | . . . . . . . . . . . . . . 1 . Garrison Access 4 | . . . . 1 1 1 . . . . . . . . 1 Total Hacks 96 | . 25 . 3 3 18 6 12 . . 2 13 . . 12 2 Successful 49 | . 8 . 1 . 12 2 6 . . 1 11 . . 8 . Failed 47 | . 17 . 2 3 6 4 6 . . 1 2 . . 4 2 Catastrophic 6 | . 2 . . 1 . . 1 . . . . . . 1 1 Database Lockouts . | . . . . . . . . . . . . . . . . Manual 28 | . 11 . . 2 . 1 . 1 . 1 8 . . 4 . Terminals 46 | . 18 . . . . 3 12 . . . 9 . . 4 . Fabricators 9 | . . . . . . . . . . 2 2 . . 5 . Repair Stations 27 | . 7 . 3 . 15 . . . . . . . . 1 1 Recycling Units 2 | . . . . . . . . . . . 2 . . . . Scanalyzers 2 | . . . . . . . . . . . . . . 2 . Garrison Access 10 | . . . . 3 3 3 . . . . . . . . 1 Terminal Hacks 16 | . 2 . . . . 1 6 . . . 6 . . 1 . Part Schematic 3 | . . . . . . . . . . . 3 . . . . Robot Analysis 3 | . 1 . . . . . 1 . . . 1 . . . . Open Door 6 | . . . . . . 1 5 . . . . . . . . Branch Access Points 2 | . 1 . . . . . . . . . 1 . . . . Recall Investigation 1 | . . . . . . . . . . . . . . 1 . Recall Reinforcements 1 | . . . . . . . . . . . 1 . . . . Fabricator Hacks 5 | . . . . . . . . . . 1 1 . . 3 . Load Schematic 2 | . . . . . . . . . . . . . . 2 . Build 3 | . . . . . . . . . . 1 1 . . 1 . Repair Station Hacks 19 | . 6 . 1 . 11 . . . . . . . . 1 . Scan Component 10 | . 3 . 1 . 6 . . . . . . . . . . Repair 8 | . 3 . . . 5 . . . . . . . . . . Refit 1 | . . . . . . . . . . . . . . 1 . Recycling Unit Hacks . | . . . . . . . . . . . . . . . . Scanalyzer 1 | . . . . . . . . . . . . . . 1 . Insert Component 1 | . . . . . . . . . . . . . . 1 . Garrison Access Hacks 2 | . . . . . 1 1 . . . . . . . . . Seal Access 2 | . . . . . 1 1 . . . . . . . . . Unauthorized Hacks 6 | . . . . . . . . . . . 4 . . 2 . Terminals 4 | . . . . . . . . . . . 2 . . 2 . Botnet 3 | . . . . . . . . . . . 2 . . 1 . Operators 1 | . . . . . . . . . . . . . . 1 . Fabricators 1 | . . . . . . . . . . . 1 . . . . Prioritize 1 | . . . . . . . . . . . 1 . . . . Repair Stations . | . . . . . . . . . . . . . . . . Recycling Units 1 | . . . . . . . . . . . 1 . . . . Mask 1 | . . . . . . . . . . . 1 . . . . Scanalyzers . | . . . . . . . . . . . . . . . . Garrison Access . | . . . . . . . . . . . . . . . . Data Cores Recovered 1 | . . . . . . . . . . . 1 . . . . Used . | . . . . . . . . . . . . . . . . Hacking Detections 26 | . 6 . 1 1 2 2 5 . . . 2 . . 5 2 Full Trace Events 10 | . 5 . . 1 2 . . . . . . . . 2 . Feedback Events 2 | . 1 . . . 1 . . . . . . . . . . Corruption 2 | . 1 . . . 1 . . . . . . . . . . Feedback Blocked . | . . . . . . . . . . . . . . . . Robot Schematics Acquired . | . . . . . . . . . . . . . . . . Robots Built . | . . . . . . . . . . . . . . . . Authchips . | . . . . . . . . . . . . . . . . Time . | . . . . . . . . . . . . . . . . Total Robot Build Rating . | . . . . . . . . . . . . . . . . Part Schematics Acquired 3 | . . . . . . . . . . . 3 . . . . Parts Built 3 | . . . . . . . . . . . 2 . . 1 . Authchips . | . . . . . . . . . . . . . . . . Time 292 | . . . . . . . . . . 117 69 . . 106 . Total Part Build Rating 24 | . . . . . . . . . . . 18 . . 6 . Parts Repaired 8 | . 3 . . . 5 . . . . . . . . . . Time 292 | . 78 . . . 214 . . . . . . . . . . Parts Recycled . | . . . . . . . . . . . . . . . . Recycled Matter . | . . . . . . . . . . . . . . . . Retrieved Matter . | . . . . . . . . . . . . . . . . Retrieved Components . | . . . . . . . . . . . . . . . . Parts Scanalyzed 1 | . . . . . . . . . . . . . . 1 . Part Schematics Acquired . | . . . . . . . . . . . . . . . . Parts Damaged . | . . . . . . . . . . . . . . . . Bothacking | -11 -10 -10 -9 -8 -7 -6 -6 -6 -6 -5 -4 -4 -4 -3 -3 ------------ Run | Jun Mat Min Mat Mat Fac Fac Ext Cet Arc Fac Fac Upp Upp Res Tes Used RIF Installer . | . . . . . . . . . . . . . . . . Robots Hacked . | . . . . . . . . . . . . . . . . Non-combat . | . . . . . . . . . . . . . . . . Combat . | . . . . . . . . . . . . . . . . Robot Hacks Applied . | . . . . . . . . . . . . . . . . Relay Couplers Released . | . . . . . . . . . . . . . . . . Fabnet Peak Effective % . | . . . . . . . . . . . . . . . . Robots Rewired 15 | . . . . . . . 15 . . . . . . . . Allies Hacked . | . . . . . . . . . . . . . . . . Hacks Repelled . | . . . . . . . . . . . . . . . . Allies | -11 -10 -10 -9 -8 -7 -6 -6 -6 -6 -5 -4 -4 -4 -3 -3 -------- Run | Jun Mat Min Mat Mat Fac Fac Ext Cet Arc Fac Fac Upp Upp Res Tes Total Allies 31 | . . 1 . . . . 25 5 . . . . . . . Largest Group 15 | . . 1 . . . . 13 15 9 7 . . . . . Highest-Rated Group 861 | . . 31 . . . . 479 861 436 318 . . . . . Highest-Rated Ally 159 | . . 31 . . . . 159 159 96 96 . . . . . Total Orders 2 | . . . . . . . . . . 2 . . . . . ROAM 2 | . . . . . . . . . . 2 . . . . . Ally Attacks 276 | . . 23 . . . . 101 101 14 37 . . . . . Total Damage 7177 | . . 349 . . . . 2635 3056 317 820 . . . . . Kills 60 | . . 10 . . . . 22 17 4 7 . . . . . Allies Corrupted . | . . . . . . . . . . . . . . . . Allies Melted 1 | . . . . . . . 1 . . . . . . . . Intel | -11 -10 -10 -9 -8 -7 -6 -6 -6 -6 -5 -4 -4 -4 -3 -3 ------- Run | Jun Mat Min Mat Mat Fac Fac Ext Cet Arc Fac Fac Upp Upp Res Tes Robot Analysis Total 3 | . 1 . . . . . 1 . . . 1 . . . . Derelict Logs Recovered 2 | . . 1 . . . . . . . . . 1 . . . Drone Launches 21 | . . . . . . . . . . . . 3 . . 18 Drone Recoveries 10 | . . . . . . . . . . . . . . . 10 Exploration | -11 -10 -10 -9 -8 -7 -6 -6 -6 -6 -5 -4 -4 -4 -3 -3 ------------- Run | Jun Mat Min Mat Mat Fac Fac Ext Cet Arc Fac Fac Upp Upp Res Tes Turns Passed 12361 | 56 1203 507 659 1239 1019 1271 1322 468 147 966 1059 1060 108 709 568 Spaces Moved 7289 | 39 785 287 241 508 435 601 766 221 83 737 637 606 134 713 496 Core 1013 | 8 . . 3 . . . . . . 95 153 139 134 447 34 Treads 747 | . . . . . . . . 120 . . 160 467 . . . Legs 4938 | 31 785 287 238 508 435 601 766 101 83 484 324 . . . 295 Wheels . | . . . . . . . . . . . . . . . . Hover 433 | . . . . . . . . . . . . . . 266 167 Flight 158 | . . . . . . . . . . 158 . . . . . Fastest Speed 39 | 50 120 120 120 120 120 110 110 120 120 39 50 50 50 50 50 Average Speed 118 | 105 120 120 159 175 134 172 110 143 120 94 114 123 53 59 87 Slowest Speed 300 | 120 190 120 250 190 190 190 120 190 120 250 150 145 300 160 110 Overloaded Moves . | . . . . . . . . . . . . . . . . Propulsion Burnouts . | . . . . . . . . . . . . . . . . Robots Hopped 12 | . . . . . . . . . . 12 . . . . . Cave-ins Triggered 1 | . . . . . . . . . . . . . . . 1 Exploration Rate (%) 41 | 3 91 74 28 37 8 14 86 57 79 25 13 76 18 13 49 Regions Visited 15 Branch Regions 7 Pre-discovered Areas 1 | . . 1 . . . . . . . . . . . . . Known Exits Taken 3 | . 1 . . . . . . . . . 1 . . 1 . Unknown Exits Taken 12 | 1 . 1 1 1 1 1 1 1 1 1 . 1 1 . . Scrap Searched 6 | . . 1 . . . . . . . . . 3 2 . . Spaces Dug 19 | . . . . . 2 3 . . . 3 5 . . 3 3 Terrain Destroyed 173 | . . . . . 11 3 15 . 2 50 31 9 . 49 3 Melee 11 | . . . . . 2 3 . . . . . . . 3 3 Projectile 66 | . . . . . . . . . 2 24 31 9 . . . AOE 96 | . . . . . 9 . 15 . . 26 . . . 46 . Terrain Rammed . | . . . . . . . . . . . . . . . . Walls Destroyed . | . . . . . . . . . . . . . . . . Machines Disabled . | . . . . . . . . . . . . . . . . Actions | -11 -10 -10 -9 -8 -7 -6 -6 -6 -6 -5 -4 -4 -4 -3 -3 --------- Run | Jun Mat Min Mat Mat Fac Fac Ext Cet Arc Fac Fac Upp Upp Res Tes Total 10033 | 47 961 441 379 726 785 758 1162 363 126 885 851 857 169 944 579 Wait 1398 | . 82 137 18 40 224 66 170 83 27 58 116 188 17 156 16 Move 7256 | 38 784 286 240 507 434 600 765 220 82 717 636 605 134 712 496 Hop 8 | . . . . . . . . . . 8 . . . . . Pick Up 141 | . 20 3 5 13 10 14 16 11 4 5 10 7 1 13 9 Fast Attach 121 | 6 14 1 7 5 9 7 4 7 1 16 16 3 . 11 14 Attach 87 | . . . 5 13 5 8 8 5 . 5 9 4 7 8 10 Detach 22 | . . . . 2 1 . 2 1 . 1 1 3 3 5 3 Swap 62 | . 3 1 10 10 7 5 2 10 3 7 2 2 . . . Drop 153 | . 10 4 6 16 9 8 21 21 6 10 10 13 1 11 7 Fire 544 | 2 48 6 86 110 58 41 40 5 3 57 51 32 2 2 1 Melee 88 | . . . . 9 23 9 . . . . . . . 24 23 Ram 7 | . . . . . . . . . . 1 . . 4 2 . Kick 5 | 1 . . 2 1 . . 1 . . . . . . . . Crush . | . . . . . . . . . . . . . . . . Escape Stasis 27 | . . . . . 5 . 22 . . . . . . . . Rewire 111 | . . . . . . . 111 . . . . . . . . Trap 3 | . . 3 . . . . . . . . . . . . . Miscellaneous . | . . . . . . . . . . . . . . . . Route ------- -11/Junkyard -10/Materials (discovered 4 exits: *Mat x3 / *Min) -10/Mines -9/Materials -8/Materials -7/Factory -6/Factory -6/Extension (discovered 2 exits: *Fac / *Cet) -6/Cetus (discovered 2 exits: *Fac / [*Arc]) -6/Archives (discovered 2 exits: *Fac / [*Hub]) -5/Factory -4/Factory (discovered 2 exits: *Upp x2) -4/Upper Caves -4/Upper Caves -3/Research (discovered 2 exits: *Tes x2) -3/Testing History --------- Turn | Location | Event 11 | -11/Junkyard | Discovered new exit (range 14) 57 | -11/Junkyard | Entered Materials 252 | -10/Materials | Discovered new exit (range 13) 255 | -10/Materials | Destroyed 10 combat bots 260 | -10/Materials | Lost 4 parts (1p1n2w) 527 | -10/Materials | Build established: Scavenger-Mutant 621 | -10/Materials | Discovered new exit (range 16) 962 | -10/Materials | Discovered new exit (range 8) 1002 | -10/Materials | Identified exit to Mines 1155 | -10/Materials | Repaired Lgt. Assault Rifle 1182 | -10/Materials | Repaired Aluminum Leg 1210 | -10/Materials | Repaired Aluminum Leg 1260 | -10/Materials | Entered Mines 1263 | -10/Mines | Received a Mining Laser from a helpful Derelict 1287 | -10/Mines | Learned location of Zion (-6) 1328 | -10/Mines | Found a hidden stash of uninstalled traps 1365 | -10/Mines | Assembled infested the area 1370 | -10/Mines | Assisted by a Guerilla fighting off Assembled 1398 | -10/Mines | Found a damaged Exp. Sensor Array with a note attached 1401 | -10/Mines | Found Prototype Device 1720 | -10/Mines | Discovered new exit (range 11) 1767 | -10/Mines | Entered Materials 1767 | -9/Materials | Evolved 2 slots: Utility x2 1793 | -9/Materials | Identified Exp. Sensor Array 2275 | -9/Materials | Lost 6 parts (1p2n1u2w) 2393 | -9/Materials | Discovered new exit (range 16) 2426 | -9/Materials | Entered another Materials area 2426 | -8/Materials | Evolved 2 slots: Propulsion x1, Utility x1 3405 | -8/Materials | Lost 8 parts (2p3n2u1w) 3632 | -8/Materials | Discovered new exit (range 15) 3665 | -8/Materials | Entered Factory 3665 | -7/Factory | Evolved 2 slots: Utility x2 3919 | -7/Factory | Repaired Broken Exp. Sensor Array 4015 | -7/Factory | Repaired Carbon-fiber Leg 4042 | -7/Factory | Repaired Lgt. Armor Plating 4082 | -7/Factory | Repaired Scythe 4369 | -7/Factory | Repaired Gauss Rifle 4606 | -7/Factory | Discovered new exit (range 8) 4684 | -7/Factory | Entered another Factory area 4684 | -6/Factory | Evolved 2 slots: Utility x1, Weapon x1 4898 | -6/Factory | Lost 3 parts (1n2u) 5440 | -6/Factory | Lost 4 parts (1n1u2w) 5674 | -6/Factory | Garrison activated, responded to threat 5848 | -6/Factory | Lost 3 parts (1u2w) 5950 | -6/Factory | Discovered new exit (range 6) 5955 | -6/Factory | Entered Extension 6046 | -6/Extension | Rescued a captive Derelict 6256 | -6/Extension | Build established: Scavenger-Gunner 6312 | -6/Extension | Rescued a captive Derelict 6401 | -6/Extension | Rescued a captive Derelict 6402 | -6/Extension | Rescued a captive Derelict 6755 | -6/Extension | Disrupted transfer network 6776 | -6/Extension | Spotted B-75 Beast 6791 | -6/Extension | Destroyed B-75 Beast 6830 | -6/Extension | Spotted B-75 Beast 6847 | -6/Extension | Destroyed B-75 Beast 6923 | -6/Extension | Rescued A7 7045 | -6/Extension | Rescued a captive Derelict 7046 | -6/Extension | Rescued a captive Derelict 7109 | -6/Extension | Energy Cycler disabled 7109 | -6/Extension | Rescued a captive Derelict 7109 | -6/Extension | Rescued a captive Derelict 7110 | -6/Extension | Rescued a captive Derelict 7112 | -6/Extension | Rescued a captive Derelict 7248 | -6/Extension | Discovered new exit (range 10) 7250 | -6/Extension | Discovered new exit (range 6) 7277 | -6/Extension | Entered Cetus 7277 | -6/Cetus | Accompanied by 13 allies (A7) 7282 | -6/Cetus | Acquired a Cetus Manufacturing Module code from A7 7295 | -6/Cetus | Spotted Cetus Guard 7295 | -6/Cetus | Spotted Cetus Guard 7297 | -6/Cetus | Spotted Cetus Guard 7297 | -6/Cetus | Spotted Cetus Guard 7300 | -6/Cetus | Allies destroyed Cetus Guard 7305 | -6/Cetus | Allies destroyed Cetus Guard 7307 | -6/Cetus | Allies destroyed Cetus Guard 7313 | -6/Cetus | Destroyed Cetus Guard 7415 | -6/Cetus | Started Cetus Manufacturing Module 7434 | -6/Cetus | Discovered new exit (range 15) 7440 | -6/Cetus | Manufactured an Enhanced Grunt 7465 | -6/Cetus | Manufactured an Enhanced Grunt 7490 | -6/Cetus | Manufactured an Enhanced Grunt 7515 | -6/Cetus | Manufactured an Enhanced Grunt 7540 | -6/Cetus | Manufactured an Enhanced Grunt 7563 | -6/Cetus | Cetus Manufacturing Module disabled 7612 | -6/Cetus | Spotted Cetus Guard 7614 | -6/Cetus | Spotted Cetus Guard 7614 | -6/Cetus | Spotted Cetus Guard 7625 | -6/Cetus | Allies destroyed Cetus Guard 7633 | -6/Cetus | Allies destroyed Cetus Guard 7633 | -6/Cetus | Allies destroyed Cetus Guard 7654 | -6/Cetus | Discovered new exit (range 16) 7689 | -6/Cetus | Met Revision 17 7745 | -6/Cetus | Entered Archives 7745 | -6/Archives | Accompanied by 10 allies (A7) 7782 | -6/Archives | Found Prototype Device 7782 | -6/Archives | Identified Exp. Thermal Shield 7827 | -6/Archives | Discovered new exit (range 16) 7843 | -6/Archives | Discovered new exit (range 15) 7892 | -6/Archives | Entered Factory 7892 | -5/Factory | Accompanied by 7 allies 7892 | -5/Factory | Evolved 2 slots: Propulsion x1, Utility x1 8086 | -5/Factory | Build established: Scavenger-Tank 8142 | -5/Factory | Spotted B-75 Beast 8165 | -5/Factory | Destroyed B-75 Beast 8492 | -5/Factory | First assault squad dispatched 8711 | -5/Factory | Destroyed 7 combat bots 8721 | -5/Factory | Cargo convoy interrupted 8739 | -5/Factory | System corruption reached 10% 8767 | -5/Factory | Core integrity fell below 50% 8769 | -5/Factory | Lost 15 parts (2n10u3w) 8810 | -5/Factory | Core integrity fell below 20% 8851 | -5/Factory | Discovered new exit (range 14) 8858 | -5/Factory | Entered another Factory area 8858 | -4/Factory | Evolved 2 slots: Power x1, Propulsion x1 8940 | -4/Factory | Discovered new exit (range 8) 9015 | -4/Factory | Build established: Mutant 9381 | -4/Factory | Identified exit to Upper Caves 9587 | -4/Factory | Fabricated Biometal Heavy Treads (x2) 9858 | -4/Factory | First assault squad dispatched 9917 | -4/Factory | Entered Upper Caves 10086 | -4/Upper Caves | System corruption reached 10% 10132 | -4/Upper Caves | Lost 4 parts (3u1w) 10283 | -4/Upper Caves | Encountered a Warlord checkpoint 10331 | -4/Upper Caves | Learned location of 1 exit from Research 10422 | -4/Upper Caves | Spotted B-86 Titan 10715 | -4/Upper Caves | Build established: Scavenger-Mutant 10936 | -4/Upper Caves | Attracted the attention of an 0b10 outpost 10939 | -4/Upper Caves | Attracted the attention of an 0b10 checkpoint 10974 | -4/Upper Caves | Discovered new exit (range 7) 10977 | -4/Upper Caves | Entered another Upper Caves area 11064 | -4/Upper Caves | Discovered new exit (range 13) 11066 | -4/Upper Caves | Core integrity fell below 50% 11085 | -4/Upper Caves | Entered Research 11085 | -3/Research | Evolved 2 slots: Utility x1, Weapon x1 11086 | -3/Research | Identified exit to Testing 11111 | -3/Research | Discovered exit to Testing (range 15) 11115 | -3/Research | Lost 6 parts (5u1w) 11116 | -3/Research | Found Prototype Processor 11116 | -3/Research | Identified Exp. Signal Interpreter 11123 | -3/Research | Found Antimissile System 11258 | -3/Research | Fabricated Adv. Hacking Suite (x1) 11353 | -3/Research | Found Fusion Bomb Launcher 11579 | -3/Research | Build established: Hacker-Mutant 11685 | -3/Research | Core integrity fell below 50% 11701 | -3/Research | Core integrity fell below 20% 11727 | -3/Research | Lost 11 parts (2p2n6u1w) 11794 | -3/Research | Entered Testing 11866 | -3/Testing | Found Portable AFG 11902 | -3/Testing | Crushed by falling debris 11960 | -3/Testing | Found Prototype Energy Gun 11960 | -3/Testing | Identified Hyp. EM Gauss Rifle 11983 | -3/Testing | Build established: Mutant 11984 | -3/Testing | Found Prototype Leg 11984 | -3/Testing | Identified Myomer Exoskeleton 12034 | -3/Testing | Spotted PD-7ASF0QJS45 12072 | -3/Testing | Found Prototype Slashing Weapon 12092 | -3/Testing | Identified Centrium Greatsword 12162 | -3/Testing | Found Prototype Device 12162 | -3/Testing | Identified AEGIS Remote Shield 12170 | -3/Testing | Spotted PG-00IG5C3GFX 12171 | -3/Testing | Spotted Striker 12229 | -3/Testing | Found Prototype Device 12229 | -3/Testing | Identified Exp. Focal Shield 12317 | -3/Testing | Found Prototype Ballistic Cannon 12317 | -3/Testing | Identified Omega Cannon 12362 | -3/Testing | Destroyed by G-67 Veteran with Field Laser Last Messages --------------- 12210_ System corrupted: IFF burst signal emitted. 12216_ K-01 Serf cleans the Organic Neutralizer. 12229_ Acquired Prototype Device. 12229_ Identified Exp. Focal Shield. 12234_ Acquired Prototype Device. 12234_ Identified Exp. Coolant Injector. 12250_ K-01 Serf cleans the Potential Refractor. 12294_ K-01 Serf cleans the Scanalyzer. 12310_ Reinforced Shell breached. 12316_ Dropped Force Lance. 12316_ Dropped Hyp. EM Gauss Rifle. 12317_ Acquired Prototype Ballistic Cannon. 12317_ Identified Omega Cannon. 12318_ Dropped Prototype Energy Gun. 12321_ Acquired Hyp. EM Gauss Rifle. 12325_ 02BLL=SVH8OW OX0A1